 Dungeon Crawl Stone Soup version 0.21.1-1-g345015f (webtiles) character file.

156 Mgcat the Chopper (level 5, -12/50 HPs)
             Began as a Deep Dwarf Fighter on Mar 11, 2018.
             Mangled by an ogre
             ... wielding a +0 giant club
              (17 damage)
             ... on level 4 of the Dungeon.
             The game lasted 00:09:00 (1942 turns).

Mgcat the Chopper (Deep Dwarf Fighter)              Turns: 1942, Time: 00:09:01

Health: -12/50     AC:  5    Str: 21    XL:     5   Next: 15%
Magic:  5/5        EV:  8    Int:  8    God:
Gold:   151        SH:  9    Dex: 12    Spells: 4/4 levels left

rFire    . . .     SeeInvis .   a - +1 short sword (venom)
rCold    . . .     Gourm    .   c - +0 shield
rNeg     . . .     Faith    .   w - +0 steam dragon scales
rPois    +         Spirit   .   (no helmet)
rElec    .         Reflect  .   (no cloak)
rCorr    .         Harm     .   (no gloves)
MR       .....                  (no boots)
Stlth    +.........             (no amulet)
HPRegen  0.00/turn              e - ring of poison resistance {rPois, !d}
MPRegen  0.09/turn              (no ring)

@: non-regenerating
A: damage resistance, heal wounds, sense surroundings 1, no regeneration
a: Heal Wounds


You were on level 4 of the Dungeon.
You were hungry.

You visited 1 branch of the dungeon, and saw 4 of its levels.

You collected 151 gold pieces.

Inventory:

Hand Weapons
 a - a +1 short sword of venom (weapon)
   (You found it on level 1 of the Dungeon)
 b - a +0 hunting sling
   (You found it on level 2 of the Dungeon)
 k - a +0 war axe
Missiles
 i - 45 sling bullets
 s - 120 stones (quivered)
Armour
 c - a +0 shield (worn)
 n - a +0 buckler
   (You found it on level 2 of the Dungeon)
 o - a +0 large shield
   (You found it on level 2 of the Dungeon)
 p - a +0 scale mail
 w - +0 steam dragon scales (worn)
   (You found it on level 3 of the Dungeon)
Jewellery
 e - a ring of poison resistance (left hand) {rPois, !d}
   (You found it on level 1 of the Dungeon)
 t - an uncursed ring of ice {unknown}
   (You took it off a hobgoblin on level 2 of the Dungeon)
Scrolls
 j - a scroll of teleportation {unknown}
 m - a scroll of magic mapping {unknown}
 q - a scroll of fog {unknown}
 v - a scroll of blinking {unknown}
 x - a scroll of immolation {unknown}
 y - 2 scrolls of identify {unknown}
 z - 2 scrolls of amnesia {unknown}
 A - a scroll of random uselessness {unknown}
Potions
 d - a potion of might
 g - a potion of mutation {unknown}
 h - 5 potions of curing {unknown}
 r - 3 potions of lignification {unknown}
 u - a potion of degeneration {unknown}
Comestibles
 f - 8 rations
 l - 3 chunks of flesh {@w0}


   Skills:
 + Level 4.2 Fighting
 + Level 4.4 Axes
 - Level 3.2 Armour
 - Level 3.2 Shields


You had 4 spell levels left.
You didn't know any spells.

Dungeon Overview and Level Annotations

Branches:
Dungeon (4/15)
 Temple: D:4-7

Altars:
Yredelemnul


Innate Abilities, Weirdness & Mutations

You are resistant to damage.
You can heal yourself by infusing magical energy.
You passively map a small area around you.
You do not regenerate.


Message History

You butcher the gnoll corpse.
l - 6 chunks of flesh {@w0} (gained 3)
Things that are here:
a spear; a gnoll skeleton
Things that are here:
a spear; a gnoll skeleton A leopard gecko and a hobgoblin come into view.
The leopard gecko hisses angrily.
The hobgoblin shouts!
The leopard gecko bites you.
You hit the leopard gecko.
The leopard gecko is poisoned.
The leopard gecko is severely wounded.
You kill the leopard gecko!
You block the hobgoblin's attack.
You barely miss the hobgoblin. The hobgoblin closely misses you.
The hobgoblin hits you.
You puncture the hobgoblin!
You kill the hobgoblin!
No target in view!
A quokka comes into view.
Found a stone staircase leading up.
The quokka misses you.
You hit the quokka.
The quokka is poisoned.
The quokka is moderately wounded.
The quokka barely misses you.
You closely miss the quokka.
The quokka is heavily wounded.
You block the quokka's attack.
The quokka bites you but does no damage.
You hit the quokka.
The quokka looks as sick as possible!
The quokka is severely wounded.
You kill the quokka!
No target in view!
No target in view!
Adjust (i)tems, (s)pells, or (a)bilities?
Adjust which item? (? for menu, Esc to quit)
Okay, then.
Unknown command.
Unknown command.
Unknown command.
Your +1 short sword of venom stops dripping with poison.
b - a +0 hunting sling (weapon)
Found a stone staircase leading down.
There is a stone staircase leading down here.
You now have 151 gold pieces (gained 6).
There is a stone staircase leading down here.
y - 2 scrolls labeled CIPTEU FUQYNK (gained 1)
A - a scroll labeled ZAXORH FEOSAPO Some of the chunks of flesh in your inventory have rotted away.
Key pressed, stopping explore.
Unknown command.
You see here a leather armour.
You are feeling hungry.
There is a stone staircase leading down here.
You climb downwards.
A worm and an ogre come into view.
Found 14 poisoned needles.
Found a stone staircase leading down.
There is a stone staircase leading up here.
Firing (i - inventory. (,) - cycle):
i - 50 sling bullets (quivered)
Press: ? - help, Shift-Dir - straight line, f - ogre
Aim: an ogre, wielding a giant club You shoot a sling bullet.
The sling bullet hits the ogre.
The ogre is lightly wounded.
Some of the chunks of flesh in your inventory have rotted away.
Firing (i - inventory. (,) - cycle):
i - 49 sling bullets (quivered)
Press: ? - help, Shift-Dir - straight line, f/p - ogre
Aim: an ogre, wielding a giant club (lightly wounded)
You shoot a sling bullet.
The sling bullet closely misses the ogre.
Firing (i - inventory. (,) - cycle):
i - 48 sling bullets (quivered)
Press: ? - help, Shift-Dir - straight line, f/p - ogre
Aim: an ogre, wielding a giant club (lightly wounded)
You shoot a sling bullet. The sling bullet hits the ogre.
The ogre is moderately wounded.
Firing (i - inventory. (,) - cycle):
i - 47 sling bullets (quivered)
Press: ? - help, Shift-Dir - straight line, f/p - ogre
Aim: an ogre, wielding a giant club (moderately wounded)
You shoot a sling bullet.
The sling bullet barely misses the ogre.
Firing (i - inventory. (,) - cycle):
i - 46 sling bullets (quivered)
Press: ? - help, Shift-Dir - straight line, f/p - ogre
Aim: an ogre, wielding a giant club (moderately wounded)
You shoot a sling bullet. The sling bullet hits the ogre.
The ogre is moderately wounded.
Your +1 short sword of venom begins to drip with poison!
a - a +1 short sword of venom (weapon)
You block the worm's attack.
You hit the ogre.
The ogre is poisoned.
The ogre is moderately wounded.
The ogre hits you with a giant club!!
Ouch! That really hurt!
* * * LOW HITPOINT WARNING * * *
You completely miss the ogre.
The ogre is heavily wounded.
The ogre barely misses you. The worm bites you!
* * * LOW HITPOINT WARNING * * *
Okay, then.
You hit the ogre.
The ogre looks even sicker.
The ogre is heavily wounded.
The ogre hits you with a giant club!!
You die...

, * , * , * #*,
** , ..,,,, ,
*#.#### ,
#.>...###### *
*
##..........##.
(.....w@O(..(.(
, ,
##.............
#..........###
* *##...#.....#
.....###.### *
###..# .. * *
#.. *#.# * *
#.. .#


You could see an ogre and a worm.

Vanquished Creatures
  A crimson imp (D:3)
  2 gnolls (D:3)
  4 adders (D:2)
  3 worms
  4 leopard geckos
  3 orcs (D:3)
  A ball python (D:3)
  6 bats (D:2)
  A giant cockroach (D:3)
  6 goblins
  7 hobgoblins
  6 kobolds
  2 quokkas
  A frilled lizard (D:2)
  4 rats
51 creatures vanquished.

Notes
Turn   | Place    | Note
-------+----------+-------------------------------------------
     0 | D:1      | Mgcat the Deep Dwarf Fighter began the quest for the Orb.
     0 | D:1      | Reached XP level 1. HP: 20/20 MP: 1/1
   119 | D:1      | Reached skill level 3 in Fighting
   119 | D:1      | Reached XP level 2. HP: 25/28 MP: 2/2
   504 | D:2      | Reached skill level 3 in Axes
   561 | D:2      | Found a basalt altar of Yredelemnul.
   625 | D:2      | Reached XP level 3. HP: 25/34 MP: 3/3
  1175 | D:2      | Reached XP level 4. HP: 22/44 MP: 4/4
  1443 | D:3      | Reached skill level 4 in Fighting
  1443 | D:3      | Reached skill level 4 in Axes
  1704 | D:3      | HP: 8/44 [worm (5)]
  1758 | D:3      | Reached XP level 5. HP: 39/50 MP: 5/5
  1933 | D:4      | Noticed an ogre
  1941 | D:4      | HP: 5/50 [worm (8)]
  1942 | D:4      | Mangled by an ogre

Skill      XL: |  1  2  3  4 |
---------------+-------------+-----
Fighting       | 3 4 |  4.2
Axes           | 3 4 |  4.4
Armour         | |  3.2
Shields        | |  3.2

Action                   |  1- 3 |  4- 6 || total
-------------------------+-------+-------++-------
Melee: War axe           |    14 |    15 ||    29
       Short sword       |    85 |    58 ||   143
 Fire: Hunting sling     |       |     6 ||     6
Throw: Stone             |       |     2 ||     2
 Abil: Heal Wounds       |       |     1 ||     1
  Use: Scroll            |     1 |     1 ||     2
 Stab: Sleeping          |       |     1 ||     1
  Eat: Chunk             |     1 |     2 ||     3
Armor: Scale mail        |    48 |     4 ||    52
       Steam dragon scal |       |    16 ||    16
Dodge: Dodged            |    31 |    21 ||    52
Block: Shield            |    45 |    38 ||    83

Vault maps used:
D:1:      dpeg_arrival_rooms_a, kennysheep_crisscross
D:2:      old_standard_altar, first_ration
D:4:      temple_doors_cd

Table legend:
 A = Turns spent in this place as a percentage of turns spent in the entire game.
 B = Non-inter-level travel turns spent in this place as a percentage of non-inter-level travel turns spent in the entire game.
 C = Inter-level travel turns spent in this place as a percentage of turns spent in this place.
 D = Turns resting spent in this place as a percentage of non-inter-level travel turns spent in this place.
 E = Turns spent auto-exploring this place as a percentage of non-inter-level travel turns spent in this place.
 F = Non-inter-level travel turns spent in this place divided by the number of levels of this place that you've seen.
                   A       B       C       D       E      F
               +-------+-------+-------+-------+-------+----------------------
         Total | 100.0 | 100.0 |   3.2 |   0.0 |  74.0 | 469.8
       Dungeon | 100.0 | 100.0 |   3.2 |   0.0 |  74.0 | 469.8
               +-------+-------+-------+-------+-------+----------------------

Table legend:
 A = Kills in this place as a percentage of kills in entire the game.
 B = Kills by you in this place as a percentage of kills by you in the entire game.
 C = Kills by friends in this place as a percentage of kills by friends in the entire game.
 D = Other kills in this place as a percentage of other kills in the entire game.
 E = Experience gained in this place as a percentage of experience gained in the entire game.
 F = Experience gained in this place divided by the number of levels of this place that you have seen.
                   A       B       C       D       E      F
               +-------+-------+-------+-------+-------+----------------------
         Total | 100.0 | 100.0 |   N/A |   N/A | 100.0 |  56.0
       Dungeon | 100.0 | 100.0 |   N/A |   N/A | 100.0 |  56.0
               +-------+-------+-------+-------+-------+----------------------
